 Dungeon Crawl Stone Soup version 0.26-a0-576-gcfaa98f945 (webtiles) character file.

Game seed: 5678304019490239902

4072 Gargoyl the Fighter (level 10, -6/90 HPs)
             Began as a Gnoll Abyssal Knight on Aug 22, 2020.
             Was a High Priest of Lugonu.
             Mangled by Grum
             ... wielding a +1 glaive of distortion
              (10 damage)
             ... on level 7 of the Dungeon.
             The game lasted 00:10:10 (7428 turns).

Gargoyl the Fighter (Gnoll Abyssal Knight)          Turns: 7428, Time: 00:10:11

Health: -6/90      AC: 21    Str: 17    XL:     10   Next: 25%
Magic:  16/17      EV: 23    Int: 15    God:    Lugonu [*****.]
Gold:   570        SH:  5    Dex: 15    Spells: 19/19 levels left

rFire    . . .     SeeInvis .   a - +4 hand axe
rCold    + . .     Faith    .   j - +0 buckler (curse)
rNeg     . . .     Spirit   .   h - +0 plate armour
rPois    .         Reflect  .   z - +0 helmet
rElec    .         Harm     .   d - +1 cloak
rCorr    +         Clarity  +   e - +0 pair of gloves
MR       .....                  l - +2 pair of boots
Stlth    ..........             B - amulet of the acrobat
HPRegen  0.25/turn              p - ring of protection from cold
MPRegen  0.15/turn              o - ring of resist corrosion

@: lethally poisoned (-6 -> -18), acrobat
A: distributed training, fangs 1, clarity, robust 1, strong nose
a: Depart the Abyss, Bend Space, Banish, Corrupt, Enter the Abyss, Renounce
Religion


You were on level 7 of the Dungeon.
You worshipped Lugonu.
Lugonu was extremely pleased with you.
You visited 1 branch of the dungeon, and saw 7 of its levels.
You visited the Abyss 1 time.
You also visited: Sewer.

You collected 570 gold pieces.

Inventory:

Hand Weapons
 a - a +4 hand axe (weapon)
 A - a +1 falchion of draining
Missiles
 n - 20 boomerangs (quivered)
Armour
 d - a +1 cloak (worn)
 e - a +0 pair of gloves (worn)
 h - a +0 plate armour (worn)
 j - a cursed +0 buckler (worn)
 l - a +2 pair of boots (worn)
 z - a +0 helmet (worn)
Jewellery
 c - an uncursed ring of protection from cold
 o - a ring of resist corrosion (right hand)
 p - a ring of protection from cold (left hand)
 B - an amulet of the acrobat (around neck)
Wands
 f - a wand of polymorph (11)
 s - a wand of paralysis (10)
 x - a wand of acid (14)
 C - a wand of disintegration (9)
 E - a wand of enslavement (9)
 F - a wand of random effects (13)
 H - a wand of flame (16)
Scrolls
 b - 4 scrolls of identify
 i - 4 scrolls of remove curse
 w - 3 scrolls of teleportation
 y - a scroll of fog
 D - a scroll of fear
 G - a scroll of enchant armour
Potions
 g - 6 potions of curing
 k - 2 potions of haste
 m - 2 potions of stabbing
 q - 2 potions of flight
 r - a potion of magic
 t - 2 potions of heal wounds
 u - 2 potions of lignification
 v - a potion of brilliance


   Skills:
 + Level 8.4 Fighting
 + Level 5.1 Short Blades
 + Level 5.1 Long Blades
 + Level 6.9 Axes
 + Level 5.1 Maces & Flails
 + Level 5.1 Polearms
 + Level 5.1 Staves
 + Level 5.1 Slings
 + Level 5.1 Bows
 + Level 5.1 Crossbows
 + Level 5.1 Throwing
 + Level 6.9 Armour
 + Level 5.8 Dodging
 + Level 5.1 Stealth
 + Level 5.1 Shields
 + Level 5.1 Unarmed Combat
 + Level 5.1 Spellcasting
 + Level 4.2 Conjurations
 + Level 4.2 Hexes
 + Level 4.2 Summonings
 + Level 4.2 Necromancy
 + Level 4.2 Translocations
 + Level 4.2 Transmutations
 + Level 4.2 Fire Magic
 + Level 4.2 Ice Magic
 + Level 4.2 Air Magic
 + Level 4.2 Earth Magic
 + Level 4.2 Poison Magic
 + Level 7.3 Invocations
 + Level 5.1 Evocations


You had 19 spell levels left.
You didn't know any spells.
Your spell library was empty.

Dungeon Overview and Level Annotations

Branches:
Dungeon (7/15)             Temple (0/1) D:7           Sewer (visited)

Altars:
Hepliaklqana
Sif Muna
Trog
Uskayaw
Wu Jian

Annotations:
D:7 Grum


Innate Abilities, Weirdness & Mutations

Your experience applies equally to all skills.
You have very sharp teeth.
Your uncanny sense of smell can sniff out nearby items.
You possess an exceptional clarity of mind.
You are robust. (+10% HP)


Message History

You hit the gnoll sergeant.
You kill the gnoll sergeant!
Lugonu accepts your kill.
You hit the gnoll.
You kill the gnoll!
Lugonu accepts your kill.
You closely miss the wolf. You hit the wolf.
You kill the wolf!
Lugonu accepts your kill.
You feel sick. You block the wolf's attack.
Grum hits you from afar with a +1 glaive of distortion!
Space bends around you.
* * * LOW HITPOINT WARNING * * *
The gnoll sergeant hits you but does no damage.
Space bends around you!
You blink.
You feel sick. Grum closely misses you.
You feel sick.
Grum hits you from afar with a +1 glaive of distortion!
* * * LOW HITPOINT WARNING * * *
Space warps horribly around you!
You die...

#..≈≈###.##'##.###≈≈..#
#..≈≈..#.#...#.#..≈≈..#
#..≈≈.##.#⌠.⌠#.##.≈≈..#
#..≈≈.#h.#...#..#.≈≈.)#
#..≈≈.##g##.##.##.≈≈..#
##.≈≈).#.#..)#.#......#
#.≈≈.©#hgg§hg.#©.....#
#.≈≈..#h#8⌠8#.#......#
#.≈≈.##.#####@##.≈≈..#
#.≈≈.#..#.:.#..#.≈≈..#
#(≈≈.##.#..[#.##.≈≈..#
#.≈≈..#.#...#.#..≈≈..#
#.≈≈###g##g##.###≈≈..#
#.≈≈#...........#≈≈..#
#.≈≈#8.###.###.8#≈≈..#
#.≈≈#..#8###8#..#≈≈..#
#.≈≈####.....####≈≈..#


You could see Grum, a gnoll shaman and a gnoll.

Vanquished Creatures
  Pikel (D:7)
  The ghost of glosham the Cleaver, a novice PaAK of Lugonu (D:7)
  Joseph (D:7)
  Maggie (D:7)
  Prince Ribbit (D:6)
  A sky beast (D:5)
  An orc warrior (D:7)
  A phantom (D:7)
  A wolf (D:7)
  6 ogres
  2 big kobolds
  A gnoll sergeant (D:7)
  2 water moccasin zombies
  3 wights (D:6)
  A centaur zombie (D:6)
  2 orc priests
  4 hounds
  8 orc wizards
  An iguana (D:6)
  Crazy Yiuf (D:2)
  2 bullfrog skeletons (D:6)
  A centaur skeleton (D:6)
  Jessica (D:2)
  8 worker ants
  7 gnolls
  3 adders
  A river rat (Sewer)
  A shadow imp (D:5)
  2 white imps
  An ufetubus (D:6)
  An ooze (D:1)
  An adder skeleton (D:5)
  A worm (D:4)
  2 dart slugs
  6 leopard geckos
  34 orcs
  10 bats
  13 giant cockroaches
  8 goblins
  8 hobgoblins
  9 jackals
  11 kobolds
  3 quokkas
  A ball python (D:7)
  4 frilled lizards
  A giant cockroach zombie (D:6)
  A jackal skeleton (D:5)
  A jackal zombie (D:5)
  A leopard gecko skeleton (D:5)
  9 rats
192 creatures vanquished.

Vanquished Creatures (others)
  8 plants
8 creatures vanquished.

Grand Total: 200 creatures vanquished

Notes
Turn   | Place    | Note
-------+----------+-------------------------------------------
     0 | Abyss:1  | Gargoyl the Gnoll Abyssal Knight began the quest for the
                  | Orb.
     0 | Abyss:1  | Reached XP level 1. HP: 23/23 MP: 3/3
    57 | Abyss:1  | Noticed a raiju
    63 | D:1      | Escaped the Abyss
   391 | D:1      | Reached XP level 2. HP: 29/29 MP: 5/5
   618 | D:1      | Reached * piety under Lugonu
   899 | D:1      | Reached XP level 3. HP: 29/35 MP: 6/6
  1314 | D:2      | Found a hazy altar of Hepliaklqana.
  1446 | D:2      | Noticed Jessica
  1451 | D:2      | Killed Jessica
  1451 | D:2      | Reached skill level 1 in Short Blades
  1451 | D:2      | Reached skill level 1 in Long Blades
  1451 | D:2      | Reached skill level 1 in Maces & Flails
  1451 | D:2      | Reached skill level 1 in Polearms
  1451 | D:2      | Reached skill level 1 in Staves
  1451 | D:2      | Reached skill level 1 in Slings
  1451 | D:2      | Reached skill level 1 in Bows
  1451 | D:2      | Reached skill level 1 in Crossbows
  1451 | D:2      | Reached skill level 1 in Throwing
  1451 | D:2      | Reached skill level 1 in Stealth
  1451 | D:2      | Reached skill level 1 in Shields
  1451 | D:2      | Reached skill level 1 in Unarmed Combat
  1451 | D:2      | Reached skill level 1 in Spellcasting
  1451 | D:2      | Reached skill level 1 in Evocations
  1451 | D:2      | Reached XP level 4. HP: 41/41 MP: 7/7
  1627 | D:2      | Found a runed translucent door.
  1628 | D:2      | Noticed Crazy Yiuf
  1636 | D:2      | Gained mutation: You are robust. (+10% HP) [potion of
                  | mutation]
  1636 | D:2      | Gained mutation: You are very robust. (+20% HP) [potion of
                  | mutation]
  1636 | D:2      | Lost mutation: You are very robust. (+20% HP) [potion of
                  | mutation]
  1636 | D:2      | Gained mutation: You possess an exceptional clarity of
                  | mind. [potion of mutation]
  1648 | D:2      | Killed Crazy Yiuf
  1648 | D:2      | Reached skill level 1 in Conjurations
  1648 | D:2      | Reached skill level 1 in Hexes
  1648 | D:2      | Reached skill level 1 in Summonings
  1648 | D:2      | Reached skill level 1 in Necromancy
  1648 | D:2      | Reached skill level 1 in Translocations
  1648 | D:2      | Reached skill level 1 in Transmutations
  1648 | D:2      | Reached skill level 1 in Fire Magic
  1648 | D:2      | Reached skill level 1 in Ice Magic
  1648 | D:2      | Reached skill level 1 in Air Magic
  1648 | D:2      | Reached skill level 1 in Earth Magic
  1648 | D:2      | Reached skill level 1 in Poison Magic
  2152 | D:3      | Reached ** piety under Lugonu
  2154 | D:3      | Reached XP level 5. HP: 47/51 MP: 8/8
  2863 | D:4      | Reached skill level 5 in Invocations
  2863 | D:4      | Reached XP level 6. HP: 58/58 MP: 9/9
  3087 | D:4      | Found a glowing drain.
  3124 | Sewer    | Entered a sewer
  3142 | Sewer    | Reached *** piety under Lugonu
  3142 | Sewer    | Reached skill level 5 in Axes
  3142 | Sewer    | Reached skill level 5 in Armour
  3298 | Sewer    | Found a white marble altar of Elyvilon.
  3391 | D:4      | Found a shimmering blue altar of Sif Muna.
  3622 | D:5      | Entered Level 5 of the Dungeon
  3635 | D:5      | Reached skill level 7 in Fighting
  3635 | D:5      | Reached XP level 7. HP: 66/66 MP: 10/10
  4542 | D:5      | Reached XP level 8. HP: 73/73 MP: 12/12
  5220 | D:6      | Noticed Prince Ribbit
  5345 | D:6      | Killed Prince Ribbit
  5352 | D:6      | Reached **** piety under Lugonu
  5594 | D:6      | Reached XP level 9. HP: 79/79 MP: 14/14
  6035 | D:7      | Noticed Pikel
  6063 | D:7      | Killed Pikel
  6063 | D:7      | Reached skill level 5 in Dodging
  6068 | D:7      | Reached skill level 8 in Fighting
  6169 | D:7      | Noticed Maggie
  6170 | D:7      | Found a transporter.
  6172 | D:7      | Noticed Grum
  6198 | D:7      | Killed Maggie
  6267 | D:7      | Noticed glosham's ghost (novice PaAK)
  6285 | D:7      | Identified the ring of Lucidity {+Blink rC+ rN+ rCorr
                  | Dex-5}
  6347 | D:7      | Found a transporter.
  6487 | D:7      | Noticed Joseph
  6506 | D:7      | Reached ***** piety under Lugonu
  6537 | D:7      | Killed Joseph
  6537 | D:7      | Reached XP level 10. HP: 87/88 MP: 15/17
  6720 | D:7      | Found an ornate altar of the Wu Jian Council.
  6720 | D:7      | Found a hide-covered altar of Uskayaw.
  6721 | D:7      | Found a bloodstained altar of Trog.
  6781 | D:7      | Found a staircase to the Ecumenical Temple.
  6968 | D:7      | Killed glosham's ghost
  6968 | D:7      | Reached skill level 5 in Short Blades
  6968 | D:7      | Reached skill level 5 in Long Blades
  6968 | D:7      | Reached skill level 5 in Maces & Flails
  6968 | D:7      | Reached skill level 5 in Polearms
  6968 | D:7      | Reached skill level 5 in Staves
  6968 | D:7      | Reached skill level 5 in Slings
  6968 | D:7      | Reached skill level 5 in Bows
  6968 | D:7      | Reached skill level 5 in Crossbows
  6968 | D:7      | Reached skill level 5 in Throwing
  6968 | D:7      | Reached skill level 5 in Stealth
  6968 | D:7      | Reached skill level 5 in Shields
  6968 | D:7      | Reached skill level 5 in Unarmed Combat
  6968 | D:7      | Reached skill level 5 in Spellcasting
  6968 | D:7      | Reached skill level 5 in Evocations
  7428 | D:7      | HP: 4/90 [Grum/+1 glaive of distortion (16)]
  7428 | D:7      | Mangled by Grum

Illustrated notes

Levels and vault maps discovered:
D:1:      dpeg_arrival_central, layout_loops_corners, minivault_4, minivault_14
D:2:      layout_basic, old_standard_altar, uniq_crazy_yiuf_cottage,
          uniq_jessica
D:3:      minmay_wonky_spiral, layout_rooms, serial_bayou,
          serial_bayou_crossing, serial_bayou_shore_a, serial_bayou_pond_a,
          serial_bayou_ford_a
D:4:      layout_rooms, lemuel_blue_sif_altar, gup_sewer_entry_glass
D:5:      layout_basic, chequers_serial_rivers_micro_e
D:6:      layout_rooms, uniq_prince_ribbit1
D:7:      layout_layer_cave, gammafunk_temple_overflow_claw,
          minmay_temple_entry_arrows, gammafunk_ghost_gnarly_gnolls,
          uniq_joseph, uniq_pikel, uniq_maggie

Skill      XL: |  1  2  3  4  5  6  7  8  9 10 |
---------------+-------------------------------+-----
Short Blades   | 1 2 3 4 5 |  5.1
Long Blades    | 1 2 3 4 5 |  5.1
Maces & Flails | 1 2 3 4 5 |  5.1
Polearms       | 1 2 3 4 5 |  5.1
Staves         | 1 2 3 4 5 |  5.1
Slings         | 1 2 3 4 5 |  5.1
Bows           | 1 2 3 4 5 |  5.1
Crossbows      | 1 2 3 4 5 |  5.1
Throwing       | 1 2 3 4 5 |  5.1
Stealth        | 1 2 3 4 5 |  5.1
Shields        | 1 2 3 4 5 |  5.1
Unarmed Combat | 1 2 3 4 5 |  5.1
Spellcasting   | 1 2 3 4 5 |  5.1
Evocations     | 1 2 3 4 5 |  5.1
Conjurations   | 1 2 3 4 |  4.2
Hexes          | 1 2 3 4 |  4.2
Summonings     | 1 2 3 4 |  4.2
Necromancy     | 1 2 3 4 |  4.2
Translocations | 1 2 3 4 |  4.2
Transmutations | 1 2 3 4 |  4.2
Fire Magic     | 1 2 3 4 |  4.2
Ice Magic      | 1 2 3 4 |  4.2
Air Magic      | 1 2 3 4 |  4.2
Earth Magic    | 1 2 3 4 |  4.2
Poison Magic   | 1 2 3 4 |  4.2
Dodging        | 3 4 5 |  5.8
Invocations    | 5 6 7 |  7.3
Axes           | 5 6 |  6.9
Armour         | 5 6 |  6.9
Fighting       | 7 8 |  8.4

Action                   |  1- 3 |  4- 6 |  7- 9 | 10-12 || total
-------------------------+-------+-------+-------+-------++-------
Melee: Hand axe          |    74 |   201 |   279 |    70 ||   624
       Bite              |    10 |    24 |    57 |    18 ||   109
       Falchion          |       |       |   133 |    37 ||   170
Throw: Boomerang         |       |       |     6 |       ||     6
Invok: Depart the Abyss  |     1 |       |       |       ||     1
       Bend Space        |       |       |       |     1 ||     1
  Use: Scroll            |       |    11 |     6 |       ||    17
       Potion            |       |     6 |       |     2 ||     8
Armor: Chain mail        |    34 |       |       |       ||    34
       Plate armour      |    22 |   183 |   228 |    85 ||   518
       Skin              |       |       |       |    11 ||    11
Dodge: Dodged            |    31 |    66 |   120 |    57 ||   274
Block: Buckler           |       |    30 |    67 |    44 ||   141
       Rpst.: Falchion   |       |       |    13 |     7 ||    20

Table legend: (Time is in decaauts)
 A = Elapsed time spent in this place.
 B = Non-inter-level travel time spent in this place.
 C = Inter-level travel time spent in this place.
 D = Time resting spent in this place.
 E = Time spent auto-exploring this place.
 F = Levels seen in this place.
 G = Mean time per level.
                   A        B        C        D        E       F      G
               +--------+--------+--------+--------+--------+-----+--------+
         Total |   7525 |   7348 |    177 |   1602 |   3849 |   9 |  836.1 |
       Dungeon |   7185 |   7008 |    177 |   1602 |   3615 |   7 | 1026.4 |
         Abyss |     63 |     63 |      0 |      0 |     57 |   1 |   63.0 |
         Sewer |    277 |    277 |      0 |      0 |    176 |   1 |  277.0 |
               +--------+--------+--------+--------+--------+-----+--------+

Top non-repeatable levels by time:
     D:7: 1553 daAuts
     D:1: 1199 daAuts
     D:5: 1059 daAuts
     D:6: 1009 daAuts
     D:2: 821 daAuts
     D:3: 802 daAuts
     D:4: 738 daAuts
   Sewer: 277 daAuts
 Abyss:1: 63 daAuts
